[Event "*** Titled Tuesday 3|2 Blitz (Early)"]
[Site "Chess.com"]
[Date "2016.12.06"]
[Round "1"]
[White "Dlugy"]
[Black "popov_m"]
[Result "1-0"]
[WhiteElo "2606"]
[BlackElo "2309"]
[TimeControl "180+2"]
[EndTime "11:09:06 PST"]
[Termination "Dlugy won by resignation"]

1. d4 Nf6 2. Bf4 g6 3. Nc3 Nh5 4. Bg5 h6 5. Bh4 Bg7 6. e3 Nf6 7. e4 d6 8. Be2 Nc6 9. Nf3 Bg4 10. d5 Bxf3 11. Bxf3 Ne5 12. Be2 g5 13. Bg3 Ng6 14. Qd2 a6 15. a4 Nd7 16. h3 Nde5 17. O-O O-O 18. a5 c5 19. dxc6 Nxc6 20. Nd5 Bxb2 21. Rab1 Bg7 22. Rxb7 e6 23. Nb6 Nge5 24. Nxa8 Qxa8 25.
Rb6 f5 26. exf5 exf5 27. Qd5+ Kh8 28. Bxe5 Nxe5 29. Qxa8 Rxa8 30. Rxa6 Rxa6 31. Bxa6 Nc6 32. Rd1 Be5 33. Bd3 Nxa5 34. Bxf5 Kg7 35. Be6 Nc6 36. Bd5 Nd4 37. Rd2 Nf5 38. Be4 Nd4 39. g3 Ne6 40. Kg2 Nc5 41. Bd5 Kf6 42. Rd1 Bc3 43. Bf3 Be5 44. Rb1 Bc3 45. Rb8 Kg6 46. Rg8+ Kh7 47.
Bd5 Be5 48. Rc8 Kg6 49. Kf3 Kf6 50. Kg4 Bd4 51. f4 gxf4 52. gxf4 Be3 53. Rf8+ Kg7 54. Rf7+ Kh8 55. Kh5 1-0

[Event "*** Titled Tuesday 3|2 Blitz (Early)"]
[Site "Chess.com"]
[Date "2016.12.06"]
[Round "1"]
[White "Grootneus"]
[Black "RodinMihail"]
[Result "1-0"]
[WhiteElo "2085"]
[BlackElo "2417"]
[TimeControl "180+2"]
[EndTime "11:09:07 PST"]
[Termination "Grootneus won by checkmate"]

1. e4 e5 2. Nf3 Nc6 3. Bb5 a6 4.
Ba4 Bc5 5. c3 Nge7 6. O-O Ba7 7.
d4 exd4 8. cxd4 d5 9. e5 O-O 10. Nc3 Bg4 11. Be3 Bxf3 12. gxf3 Nf5 13. Bxc6 bxc6 14.
Ne2 Qh4 15. Qd3 g6 16. Rac1 Qh3 17. Bg5 Qh5 18. f4 f6 19. Bxf6 Rxf6 20. exf6 Nh4 21.
Ng3 Qg4 22. Kh1 Rf8 23. f3 Qxf4 24. Rxc6 Bxd4 25. Rxc7 Qxc7 26. Qxd4 Qd7 27. Qxh4 Qb5 28.
Rf2 Qc4 29. Qxc4 dxc4 30. Ne4 Kf7 31. Rc2 Ke6 32. Rxc4 Kd5 33. Ra4 h6 34. Rxa6 Kd4 35.
Ra7 Ke3 36. f7 Kxf3 37. Nc5 Rd8 38. Ra3+ Kf2 39. Nd3+ Ke2 40. Nf4+ Kf2 41. Nh3+ Ke2 42. Kg2 Rf8 43. Rf3 g5 44. Nf2 h5 45. Ne4 g4 46.
Rf6 Ke3 47. Ng5 h4 48. Nh7 h3+ 49. Kg3 Rc8 50. f8=Q Rc2 51. Qe7+ Kd2 52. Rd6+ Kc1 53. Qe1+ Kxb2 54. Rd2 Rxd2 55. Qxd2+ Ka3 56. Kxg4 Ka4 57. Nf6 Kb5 58. Qc3 Kb6 59. Qc4 Ka5 60. Qb3 Ka6 61.
Nd5 Ka5 62. Qb4+ Ka6 63. Qb6# 1-0

[Event "*** Titled Tuesday 3|2 Blitz (Early)"]
[Site "Chess.com"]
[Date "2016.12.06"]
[Round "1"]
[White "MateusViageiro"]
[Black "GMKrikor"]
[Result "0-1"]
[WhiteElo "2248"]
[BlackElo "2529"]
[TimeControl "180+2"]
[EndTime "11:09:13 PST"]
[Termination "GMKrikor won by resignation"]

1. d4 Nf6 2. Nf3 e6 3. g3 b5 4.
Bg2 d5 5. O-O Bb7 6. a4 b4 7. c3 Nbd7 8. Ne5 Nxe5 9. dxe5 Nd7 10. f4 Bc5+ 11. Kh1 O-O 12. cxb4 Bxb4 13. Qb3 a5 14. Nc3 c5 15. Nb5 Ba6 16. e4 d4 17.
Rd1 Nb6 18. f5 c4 19. Qf3 Bxb5 20. axb5 f6 21. fxe6 fxe5 22. Qh5 Qf6 23. Bh3 Qf3+ 24. Qxf3 Rxf3 25. Bd2 Bxd2 26. Rxd2 Kf8 27. Kg2 Rf6 28. Rf2 Rxf2+ 29. Kxf2 Ke7 30. Ke2 a4 31. Rf1 Rf8 32. Ra1 Kd6 33. Bf5 g6 34. Bh3 Kc5 35. Kd2 Rf2+ 36.
Ke1 Rf8 37. Kd2 Kb4 38. Kc2 Rf2+ 39. Kb1 Rf8 40. Ka2 Kxb5 41. Rf1 Re8 42. Rf7 d3 43. Kb1 Kc5 44. Kc1 Kd4 45. Kd2 a3 46. bxa3 c3+ 47.
Kd1 Nc4 48. Rd7+ Ke3 49. e7 Nb2+ 50. Kc1 d2+ 51. Kc2 d1=Q+ 52. Rxd1 Nxd1 53. Kxd1 Rxe7 54. Kc2 Kd4 55. Bg2 Rb7 0-1

[Event "*** Titled Tuesday 3|2 Blitz (Early)"]
[Site "Chess.com"]
[Date "2016.12.06"]
[Round "1"]
[White "Pierrebl"]
[Black "Kawhi_Leonard2"]
[Result "0-1"]
[WhiteElo "2480"]
[BlackElo "2227"]
[TimeControl "180+2"]
[EndTime "11:09:14 PST"]
[Termination "Kawhi_Leonard2 won on time"]

1. e4 c5 2. Nf3 d6 3. Bb5+ Bd7 4. c4 Nc6 5. O-O g6 6. d4 cxd4 7. Nxd4 Bg7 8. Be3 Nf6 9. Nc3 O-O 10.
h3 Rc8 11. Re1 Ne5 12. b3 Bxb5 13. Ndxb5 a6 14. Nd4 b5 15. f4 Ned7 16. Qe2 bxc4 17. bxc4 e6 18. Rad1 Qc7 19. Nb3 Qxc4 20. Rxd6 Qxc3 21.
e5 Nd5 22. Rxd7 Rfd8 23. Bd2 Qc2 24. Rxd8+ Rxd8 25. Ba5 Qxe2 26. Rxe2 Nxf4 27. Re4 Rd1+ 28. Kf2 Nd5 29. Bd2 Rb1 30. Bc1 a5 31. Ke1 Nc3 32. Rc4 Nxa2 33. Rc8+ Bf8 34. Kd1 Nxc1 35. Nxc1 Rb2 36.
Ne2 Kg7 37. Ra8 Bb4 38. Nf4 Rf2 39. g3 Rf3 40. Ne2 Re3 41. Nf4 Rxe5 42. h4 h5 43.
Kc2 Re3 44. Ra7 Kf6 45. g4 hxg4 46. h5 g5 0-1

[Event "*** Titled Tuesday 3|2 Blitz (Early)"]
[Site "Chess.com"]
[Date "2016.12.06"]
[Round "1"]
[White "Zhani-Z"]
[Black "joppie2"]
[Result "1-0"]
[WhiteElo "2268"]
[BlackElo "2535"]
[TimeControl "180+2"]
[EndTime "11:09:22 PST"]
[Termination "Zhani-Z won by resignation"]

1. d4 d5 2. c4 c6 3. Nf3 Nf6 4. e3 g6 5. Nc3 Bg7 6. Be2 O-O 7. O-O e6 8. b3 Nbd7 9. Bb2 Re8 10. Re1 b6 11. Bf1 Bb7 12. Rc1 Qc7 13. Qc2 Rad8 14. Ne5 Qb8 15. f4 c5 16. cxd5 exd5 17. Qf2 a6 18.
Red1 b5 19. g3 b4 20. Na4 Ne4 21. Qe1 cxd4 22. exd4 f6 23. Nxd7 Rxd7 24. Qxb4 g5 25. Nc5 Nxc5 26. dxc5 Qa8 27. fxg5 d4 28. Bxd4 Re4 29. c6 Bxc6 30. Qc4+ Bd5 31. Qc8+ Qxc8 32. Rxc8+ Kf7 33. Bxf6 Bf8 34. Rxd5 Rxd5 35. Bc4 Rxc4 36. Rxc4 Rd1+ 37. Kf2 Rd2+ 38. Kf3 Rxa2 39. h4 Bd6 40.
Rc3 a5 41. Rd3 Bf8 42. g4 Rh2 43. h5 Rh1 44. Rd7+ Kg8 45. g6 Rf1+ 46. Ke4 Rxf6 47. Rxh7 Rb6 48. g5 Rxb3 49. h6 Rb6 50. g7 Rb4+ 51. Kf5 Rb5+ 52. Kg6 Rxg5+ 53. Kxg5 Bxg7 54. Rxg7+ 1-0

[Event "*** Titled Tuesday 3|2 Blitz (Early)"]
[Site "Chess.com"]
[Date "2016.12.06"]
[Round "1"]
[White "BjarkeSahl"]
[Black "LawrenceTrent"]
[Result "1-0"]
[WhiteElo "2156"]
[BlackElo "2426"]
[TimeControl "180+2"]
[EndTime "11:09:29 PST"]
[Termination "BjarkeSahl won by resignation"]

1. e4 c5 2. Nf3 d6 3. c4 Nc6 4. d4 Bg4 5. d5 Nd4 6. Nbd2 Nf6 7.
h3 Bxf3 8. Nxf3 Nxf3+ 9. Qxf3 g6 10. Bd2 Bg7 11. Bc3 O-O 12. Bd3 Nd7 13. Bxg7 Kxg7 14. O-O Qa5 15. Qe3 a6 16. Be2 b5 17. a4 bxc4 18.
Bxc4 Rab8 19. Qe2 Rb6 20. f4 Rfb8 21. b3 Qc3 22. Rad1 Kg8 23. Rd3 Qg7 24. Kh1 a5 25.
Re1 h5 26. e5 Kh8 27. Re3 Nf8 28. f5 dxe5 29. Rxe5 Rf6 30. fxg6 Nxg6 31. Rxh5+ Kg8 32.
Rg5 Qh6 33. Qg4 Kf8 34. Qg3 Rbb6 35. Rg4 Qd2 36. Re2 Qc1+ 37. Kh2 Rf1 38. Qe3 Rh1+ 39. Kg3 Qa1 40. d6 Rxd6 41. Qf3 Rf6 42. Qa8+ Kg7 43. Qe4 e6 44. Qe3 Qf1 45. Rg5 Qa1 46. Rg4 Rc1 47.
Kh2 Rh1+ 48. Kg3 Rc1 49. Kh2 Rh1+ 50. Kg3 Kf8 51. Qh6+ Ke7 52. Qg5 Qc3+ 53. Re3 Qd4 54. Rxd4 cxd4 55. Rf3 1-0

[Event "*** Titled Tuesday 3|2 Blitz (Early)"]
[Site "Chess.com"]
[Date "2016.12.06"]
[Round "1"]
[White "stuffings101"]
[Black "Kouzari"]
[Result "0-1"]
[WhiteElo "2172"]
[BlackElo "2470"]
[TimeControl "180+2"]
[EndTime "11:09:40 PST"]
[Termination "Kouzari won on time"]

1. Nf3 d5 2. g3 c6 3. Bg2 Nf6 4. O-O Bf5 5. d3 h6 6. Nbd2 e6 7. b3 Bh7 8. Bb2 Be7 9. Qe1 O-O 10. e4 a5 11. a3 Qb6 12. Qe2 Re8 13. Kh1 c5 14. a4 Nc6 15. Ne5 Nxe5 16. Bxe5 Rad8 17.
f4 dxe4 18. Nxe4 Bxe4 19. dxe4 Rd7 20. Bc3 Red8 21. g4 Ne8 22. f5 exf5 23. gxf5 Bg5 24.
e5 Nc7 25. e6 fxe6 26. f6 Nd5 27. Bxd5 exd5 28. fxg7 d4 29. Rf8+ Kxg7 30. Rxd8 Rxd8 31. Qe5+ Qf6 32. Qxf6+ Bxf6 33. Bxa5 Re8 34. Rg1+ Kf7 35. Bb6 Re2 36. Rg2 Rxg2 37. Kxg2 Be7 38. Kf3 Ke6 39.
Ke4 Bd6 40. h3 h5 41. Bd8 Kd7 42. Bg5 Kc6 43. Bf4 Bxf4 44. Kxf4 Kd5 45. h4 b6 46. Kf5 c4 47. bxc4+ Kxc4 48. Ke4 Kc3 49. Ke5 Kxc2 50.
Kxd4 Kb3 0-1

[Event "*** Titled Tuesday 3|2 Blitz (Early)"]
[Site "Chess.com"]
[Date "2016.12.06"]
[Round "1"]
[White "AungTZ"]
[Black "Ar4uha"]
[Result "0-1"]
[WhiteElo "2108"]
[BlackElo "2452"]
[TimeControl "180+2"]
[EndTime "11:09:42 PST"]
[Termination "Ar4uha won by resignation"]

1. e4 e5 2. Nf3 d6 3. d4 exd4 4. Nxd4 Nf6 5. Nc3 Be7 6. Be2 O-O 7. Be3 Re8 8. O-O Bf8 9. Bf3 Nbd7 10. g3 Nc5 11. Bg2 Ncxe4 12. Nxe4 Nxe4 13. Nb3 d5 14. a4 a5 15. Qd3 c6 16. Rad1 Bf5 17. Nd4 Bg6 18. Qb3 Nc5 19. Qa2 Be4 20. Nb3 Bxg2 21. Kxg2 Ne4 22. c4 Nf6 23. Bg5 h6 24. Bxf6 Qxf6 25. cxd5 cxd5 26. Rxd5 Qc6 27. Nd4 Qf6 28. Rd1 b6 29. Rf5 Qg6 30. Rd5 Bc5 31. Nf3 Re2 32.
Rd8+ Rxd8 33. Rxd8+ Kh7 34. Rd2 Qe4 35. b3 Rxd2 36. Qxd2 g5 37. h3 Qe6 38. Qd3+ Kg8 39. g4 Kg7 40. Qc3+ f6 41. Qd3 Qc6 42. Kf1 Qc7 43. Kg2 Qe7 44. Kf1 Qf7 45. Ng1 h5 46. Ne2 h4 47. Nc3 Qxb3 48. Qd7+ Kg6 49. Qf5+ Kg7 50.
Ne4 Qd1+ 51. Kg2 Qd4 52. Qe6 Qd8 53. f4 Qd4 54. fxg5 Qg1+ 55. Kf3 Qf1+ 56. Nf2 Qxf2+ 57. Ke4 0-1

[Event "*** Titled Tuesday 3|2 Blitz (Early)"]
[Site "Chess.com"]
[Date "2016.12.06"]
[Round "1"]
[White "alturas_pacificas"]
[Black "Tash_Boy"]
[Result "0-1"]
[WhiteElo "2158"]
[BlackElo "2479"]
[TimeControl "180+2"]
[EndTime "11:09:50 PST"]
[Termination "Tash_Boy won by resignation"]

1. d4 Nf6 2. Bf4 g6 3. e3 Bg7 4.
Nf3 O-O 5. Be2 d6 6. O-O Nbd7 7. c4 b6 8. h3 c5 9. Nc3 Bb7 10. Re1 a6 11. d5 Rb8 12. Bh2 b5 13. cxb5 axb5 14. Bxb5 Bxd5 15. Bxd7 Bxf3 16. Qxf3 Nxd7 17. Rab1 Ne5 18. Bxe5 Bxe5 19. a4 Rb4 20. Qc6 e6 21. f4 Bg7 22. Red1 Rb6 23. Qe4 d5 24. Qc2 Qa8 25. Nb5 Qa5 26. b3 Qb4 27. Rbc1 Rc8 28.
Kh1 h5 29. Rd3 c4 30. bxc4 Rxc4 31. Qd1 Qxa4 32. Rxc4 Qxc4 33. Nd4 Bxd4 34. Rxd4 Qa2 35. Rd2 Qa3 36. Qe2 Rb4 37. Ra2 Qc3 38. Rc2 Qa1+ 39.
Kh2 h4 40. Qf2 Qf6 41. Rc8+ Kg7 42. Rc1 Rb2 43. Qe1 Ra2 44. Qc3 Qxc3 45. Rxc3 Kf6 46. Rb3 Kf5 47. Rb7 f6 48. Rh7 Re2 49. Rxh4 Rxe3 50. Rh6 d4 51. g3 Re2+ 52. Kg1 d3 53. Kf1 e5 54. fxe5 fxe5 55. Rh4 e4 56. Rf4+ Ke5 57.
Rg4 e3 58. Rxg6 Rf2+ 59. Kg1 d2 60. Rg5+ 0-1

[Event "*** Titled Tuesday 3|2 Blitz (Early)"]
[Site "Chess.com"]
[Date "2016.12.06"]
[Round "1"]
[White "Boryboy"]
[Black "SidArun"]
[Result "1-0"]
[WhiteElo "2436"]
[BlackElo "2085"]
[TimeControl "180+2"]
[EndTime "11:09:52 PST"]
[Termination "Boryboy won by resignation"]

1. e4 c5 2. Nf3 d6 3. g3 Nc6 4. Bg2 g6 5. O-O Bg7 6. Nc3 e5 7. d3 Nge7 8. Rb1 a6 9. a3 b5 10. b4 O-O 11. Bg5 Be6 12. h4 f6 13. Be3 Nd4 14.
Qd2 Nec6 15. Ne2 Nxf3+ 16. Bxf3 Nd4 17. Bg2 Rc8 18. c3 Nxe2+ 19. Qxe2 cxb4 20. cxb4 Rc3 21.
Qb2 Rxd3 22. Rfd1 Rxd1+ 23. Rxd1 Qe7 24. Qd2 Rd8 25. f4 Bg4 26. Rc1 Rc8 27. Qd5+ Kf8 28. Rf1 Be6 29. Qd2 Bc4 30. Rf2 Kg8 31. f5 Bf7 32. Rf1 Qc7 33. Rd1 Qc3 34. Qf2 Bf8 35.
fxg6 hxg6 36. g4 Bb3 37. Rc1 Qxc1+ 38. Bxc1 Rxc1+ 39. Kh2 Bg7 40. Qd2 Rc6 41. h5 gxh5 42. gxh5 Kh7 43. Qf2 Be6 44. Qf3 Rc8 45. Bh3 Bxh3 46.
Qxh3 Rc2+ 47. Kg1 Rc1+ 48. Kg2 Rc2+ 49. Kf1 Rc1+ 50. Ke2 Rb1 51. Qf5+ Kh8 52. Qg6 Rb2+ 53. Kd1 Rh2 54. Ke1 Rh1+ 55. Kf2 Rh2+ 56. Kg3 Rh1 57. Kg2 Rh4 58. Kg1 Rh3 59. Kf2 Rh2+ 60. Kf3 Rh3+ 61.
Kg4 Rh1 62. Kf5 Rf1+ 63. Ke6 Rh1 64. Kf7 1-0

[Event "*** Titled Tuesday 3|2 Blitz (Early)"]
[Site "Chess.com"]
[Date "2016.12.06"]
[Round "1"]
[White "Blitzstream"]
[Black "Cecile_Haussernot"]
[Result "1/2-1/2"]
[WhiteElo "2523"]
[BlackElo "2258"]
[TimeControl "180+2"]
[EndTime "11:09:56 PST"]
[Termination "Game drawn by stalemate"]

1. d4 Nf6 2. Bg5 d5 3. Bxf6 exf6 4. e3 Bd6 5. c4 c6 6. Nc3 dxc4 7. Bxc4 b5 8. Bd3 O-O 9. Nf3 f5 10. O-O Qf6 11. Qc2 b4 12. Ne2 Ba6 13. Bxa6 Nxa6 14. Ng3 f4 15. Nh5 Qg6 16. Qxg6 fxg6 17. Nxf4 Bxf4 18. exf4 Rxf4 19. Rac1 Rc8 20. Rc4 c5 21. Rfc1 Rd8 22. Kf1 cxd4 23. Rd1 Nb8 24. Rdxd4 Rfxd4 25. Rxd4 Nc6 26. Rxd8+ Nxd8 27. Ke2 Nc6 28. Kd3 Kf7 29. Kc4 Ke7 30. Nd4 Ne5+ 31. Kxb4 Nd3+ 32. Kc3 Nxf2 33. Nc6+ Kd6 34. Nxa7 Kc5 35. a3 Ne4+ 36. Kd3 Nf2+ 37. Kc3 Ne4+ 38. Kb3 Nd6 39. a4 Kb6 40. Nb5 Nf5 41. Kb4 Ne3 42. a5+ Ka6 43. Nc7+ Kb7 44. Ne6 Nxg2 45. Kb5 Ne3 46. b4 Nf5 47. Nc5+ Ka7 48.
Kc6 Nd4+ 49. Kd5 Nb5 50. Ne6 Nc3+ 51. Kc4 Ne4 52. b5 Nd6+ 53. Kb4 h6 54. b6+ Kb7 55. Nc5+ Kc6 56. b7 Nxb7 57. Nxb7 Kxb7 58. Kc5 g5 59. Kd5 Ka6 60. Ke6 Kxa5 61. Kf5 Kb6 62. Kg6 Kc5 63. Kxg7 h5 64. Kh6 g4 65. Kxh5 Kd6 66.
Kxg4 Ke7 67. Kg5 Kf7 68. Kh6 Kg8 69. h4 Kh8 70. h5 Kg8 71. Kg6 Kh8 72. h6 Kg8 73.
h7+ Kh8 74. Kh6 1/2-1/2

[Event "*** Titled Tuesday 3|2 Blitz (Early)"]
[Site "Chess.com"]
[Date "2016.12.06"]
[Round "1"]
[White "AdrianaNikolova"]
[Black "yurisolo"]
[Result "1-0"]
[WhiteElo "2234"]
[BlackElo "2481"]
[TimeControl "180+2"]
[EndTime "11:09:56 PST"]
[Termination "AdrianaNikolova won by resignation"]

1. e4 c5 2. c3 Nf6 3. e5 Nd5 4. d4 cxd4 5. Nf3 Nc6 6. cxd4 d6 7. Bc4 e6 8. O-O Be7 9. Qe2 O-O 10. Nc3 Nxc3 11. bxc3 dxe5 12. dxe5 Qc7 13. Bd2 b6 14. Bd3 Bb7 15. Rfe1 Rfd8 16. Rad1 Na5 17. Ng5 h6 18. Bh7+ Kf8 19. Nxf7 Qc6 20. Qg4 Kxf7 21. f3 Rh8 22. Qg6+ Kf8 23. Bxh6 Bc5+ 24. Kh1 Qc7 25.
Qxe6 Rxh7 26. Rd7 gxh6 27. Qf6+ Ke8 28. Rxc7 Rxc7 29. e6 Nc6 30. Qxh6 Bf8 31. Qg6+ Kd8 32. Rd1+ Nd4 33. Rxd4+ Bd5 34. Rxd5+ Kc8 35. Qe4 Rb8 36. h4 Rxc3 37. Kh2 Rc7 38. Rd7 Rxd7 39. exd7+ Kd8 40. Qd5 b5 41. Qf7 Bd6+ 42. Kh3 Kc7 43. Qe8 Rd8 44.
Qe2 a6 45. Qc2+ Kxd7 46. Qf5+ Kc7 47. h5 b4 48. h6 Kb6 49. h7 a5 50. Qf6 Kc7 51.
Qxd8+ Kxd8 52. h8=Q+ Kd7 53. Qd4 Kc6 54. g4 a4 55. g5 Bc5 56. Qe4+ Kb5 57. g6 b3 58. axb3 axb3 59. g7 1-0

[Event "*** Titled Tuesday 3|2 Blitz (Early)"]
[Site "Chess.com"]
[Date "2016.12.06"]
[Round "1"]
[White "rubhani"]
[Black "norwaytoadog"]
[Result "1-0"]
[WhiteElo "2404"]
[BlackElo "1944"]
[TimeControl "180+2"]
[EndTime "11:10:17 PST"]
[Termination "rubhani won by resignation"]

1. e4 e5 2. Nf3 Nc6 3. Bb5 a6 4.
Ba4 Nf6 5. d3 b5 6. Bb3 Be7 7. O-O O-O 8. c3 d6 9. Nbd2 Bb7 10.
Re1 Nd7 11. Nf1 Nc5 12. Bc2 Bf6 13. Ne3 Ne6 14. Nd5 Nb8 15. Nxf6+ Qxf6 16. Be3 Nf4 17. Qd2 Nc6 18. Bxf4 exf4 19. d4 Rfe8 20. Qd3 g6 21.
h3 Rad8 22. a4 b4 23. a5 h6 24. Ba4 bxc3 25. bxc3 Rf8 26. Bb3 Ne7 27. Rab1 d5 28.
e5 Qe6 29. Ba4 Bc6 30. Bxc6 Nxc6 31. Qxa6 Nxd4 32. Qd3 Nxf3+ 33. Qxf3 g5 34. Qd3 c5 35. Qb5 Rc8 36. a6 d4 37. cxd4 cxd4 38. a7 Ra8 39.
Qb8 Raxb8 40. Rxb8 Qa6 41. a8=Q Qxa8 42. Rxa8 Rxa8 43.
Rd1 Rd8 44. Kf1 Kg7 45. Ke2 Kg6 46. Kd3 Kf5 47. Re1 Rd5 48. Re4 Rxe5 49. Rxd4 Re1 50. Rd5+ Ke6 51. Ra5 Rg1 52. Ke4 Rxg2 53. Ra6+ Ke7 54.
Kf5 Rxf2 55. Ra7+ Ke8 56. Kf6 f3 57. Rxf7 Re2 58. Kg6 f2 59. Rf3 Rd2 60. Kxh6 Ke7 61. Kxg5 Ke6 62. h4 Ke5 63. h5 Ke4 64. Rf7 Rd5+ 65.
Kg4 Rd6 66. Rxf2 Ke5 67. Kg5 Rd3 68. Rg2 Rh3 69. Kg6 Ke6 70. h6 Rf3 71. Re2+ Kd7 72. h7 Rg3+ 73. Kf6 Rf3+ 74. Kg7 Rg3+ 75. Kh8 Rg4 76.
Re5 Rh4 77. Kg7 Rg4+ 78. Kh6 Rg1 79. h8=Q Rh1+ 80. Kg7 Rxh8 81. Kxh8 1-0

[Event "*** Titled Tuesday 3|2 Blitz (Early)"]
[Site "Chess.com"]
[Date "2016.12.06"]
[Round "1"]
[White "FearlessKing64"]
[Black "ZhuChenChess"]
[Result "0-1"]
[WhiteElo "1968"]
[BlackElo "2404"]
[TimeControl "180+2"]
[EndTime "11:10:21 PST"]
[Termination "ZhuChenChess won by resignation"]

1. e4 c5 2. Nf3 d6 3. d4 cxd4 4.
Nxd4 Nf6 5. Nc3 a6 6. Be2 e5 7.
Nb3 Be7 8. a4 O-O 9. a5 Be6 10. Be3 Nbd7 11. O-O Rc8 12. Qd2 Rc6 13. Rfc1 Qc7 14. Bf3 Rc8 15. h3 h6 16. Ra4 Nf8 17.
Bb6 Qd7 18. Raa1 Ng6 19. Nd5 Bxd5 20. exd5 Rc4 21. Be2 Rh4 22. Bf1 Nf4 23. Be3 N4xd5 24. c4 Nxe3 25. Qxe3 Re4 26. Qf3 Rf4 27. Qe3 Qf5 28.
Nd2 Qg6 29. Re1 Rh4 30. Bd3 Qg5 31. Nf3 Qxe3 32. Rxe3 Rf4 33. Nd2 Rd4 34. Nf3 Rxd3 35. Rxd3 e4 36. Re3 Rxc4 37. Nd2 Rd4 38. Nb3 Rb4 39. Nd2 d5 40. b3 Rd4 41. Nf1 Bb4 42.
Ng3 Rd2 43. Rc1 Rb2 44. Rc8+ Kh7 45. Nf5 g6 46. Ng3 d4 47. Re2 Rb1+ 48. Kh2 d3 49. Re3 d2 50. Rd8 d1=Q 51. Rxd1 Rxd1 52. Nxe4 Nxe4 53.
Rxe4 Bxa5 54. Re7 Kg7 55. Rxb7 Bc3 56. Rb6 a5 57. Rb5 Rd2 58. Kg3 Rb2 59. Kf3 Be1 60.
Ke4 Re2+ 61. Kd3 Rxf2 62. Re5 Bb4 0-1

[Event "*** Titled Tuesday 3|2 Blitz (Early)"]
[Site "Chess.com"]
[Date "2016.12.06"]
[Round "1"]
[White "VitaliyBernadskiy"]
[Black "ulises2013"]
[Result "1-0"]
[WhiteElo "2563"]
[BlackElo "2261"]
[TimeControl "180+2"]
[EndTime "11:12:05 PST"]
[Termination "VitaliyBernadskiy won by checkmate"]

1. e4 g6 2. d4 Bg7 3. Nc3 c5 4. d5 d6 5. Nf3 Nf6 6. Bb5+ Bd7 7. Bxd7+ Nbxd7 8. O-O O-O 9. Re1 Rb8 10. a4 a6 11.
Bf4 Nh5 12. Bd2 b5 13. axb5 axb5 14. Qc1 b4 15. Nd1 Ra8 16. Rxa8 Qxa8 17. Ne3 Qa2 18. b3 Ra8 19. Nc4 Qa6 20. Bg5 Nhf6 21. Qd2 Nb6 22. Nxb6 Qxb6 23. e5 dxe5 24. Nxe5 Qd6 25. Nc6 Bf8 26.
Bxf6 Qxf6 27. g3 Qd6 28. Qg5 e6 29. Rd1 exd5 30. Qxd5 Qxd5 31. Rxd5 Ra2 32. Rd2 Ra6 33. Ne5 Re6 34. Nc4 Kg7 35. Kg2 Re1 36. Kf3 h5 37. h4 Re6 38. Rd7 Kf6 39. Rc7 Ra6 40. Ne3 Ra2 41.
Rc8 Be7 42. Nd5+ Ke6 43. Nxe7 Kxe7 44. Rxc5 Ke6 45. Ke4 Ra1 46. Rc6+ Ke7 47. Rc4 Rf1 48. Kf3 Rc1 49. Ke3 Ke6 50. Kd3 Rf1 51. Rxb4 Rxf2 52.
Re4+ Kd6 53. b4 Rg2 54. Re3 Rg1 55. c4 Rb1 56. Kc3 Rc1+ 57. Kb3 Kc6 58. Rf3 f5 59.
Re3 Kd6 60. b5 Rb1+ 61. Kc3 Rc1+ 62. Kb4 Rb1+ 63. Rb3 Rg1 64. c5+ Kc7 65. Re3 Rb1+ 66. Kc4 Rc1+ 67. Kd5 Rd1+ 68. Ke6 Rc1 69. Kd5 Rd1+ 70. Ke5 Rc1 71. c6 Rc5+ 72. Kf6 Rxb5 73. Kxg6 Kxc6 74. Rf3 Kd6 75. Rxf5 Rb3 76. Rg5 Ke7 77.
Kxh5 Kf6 78. g4 Rb8 79. Rf5+ Kg7 80. g5 Rb4 81. Ra5 Rb7 82. Ra6 Rc7 83. Ra4 Rb7 84. Kg4 Rc7 85. h5 Rb7 86. h6+ Kh7 87. Kh5 Rb8 88.
Ra7+ Kh8 89. g6 Rb5+ 90. Kg4 Rb4+ 91. Kf3 Rb3+ 92. Ke4 Rb4+ 93. Kd5 Rb5+ 94. Kc6 Rb8 95. Rc7 Rg8 96. Rh7# 1-0

[Event "*** Titled Tuesday 3|2 Blitz (Early)"]
[Site "Chess.com"]
[Date "2016.12.06"]
[Round "1"]
[White "bilelou"]
[Black "platy3"]
[Result "1/2-1/2"]
[WhiteElo "2363"]
[BlackElo "2697"]
[TimeControl "180+2"]
[EndTime "11:12:09 PST"]
[Termination "Game drawn by repetition"]

1. d4 Nf6 2. c4 e6 3. Nf3 d5 4. g3 dxc4 5. Bg2 Bb4+ 6. Nbd2 O-O 7. O-O c3 8. bxc3 Bxc3 9. Rb1 c6 10. Nc4 Ba5 11. Ba3 Bc7 12. Bxf8 Qxf8 13. Qc2 Nbd7 14. Rfc1 Nb6 15. Na5 Qa3 16. Nb3 Nbd5 17. Nc5 b6 18.
Nd3 Bb7 19. Nfe5 Rc8 20. Rb3 Qf8 21. Qb2 Bb8 22. Nc4 Ba6 23. Ra3 Bb7 24. e4 Ne7 25. Rb3 Qd8 26. a4 Ba6 27. a5 Bc7 28.
axb6 axb6 29. Nde5 Rb8 30. Ne3 Bb5 31. N5c4 Ne8 32.
Na3 Ba6 33. Nac4 Bb5 34. h4 h6 35. Rd1 Ba4 36. d5 Bxb3 37. Qxb3 exd5 38. exd5 cxd5 39. Nxd5 Nxd5 40. Bxd5 Qe7 41. Ne3 Nf6 42. Bc4 Rd8 43.
Rxd8+ Bxd8 44. Qd3 Bc7 45. Qd4 Qd8 46. Nd5 Nxd5 47. Bxd5 Qe7 48. Qc4 g6 49. Kg2 Bd6 50.
Qd3 Kh7 51. Qc4 Kg8 52. Qd3 Qf6 53. Bf3 Bc5 54. Qb5 Kg7 55. Qe2 Qd4 56. Bc6 Qf6 57. Bf3 g5 58. hxg5 hxg5 59. Be4 b5 60. Bb1 b4 61. Qc2 Bb6 62. f3 Qd4 63. Kh3 Bd8 64. Qh7+ Kf8 65. Qc2 Bf6 66. Ba2 Qd7+ 67. Kg2 Bc3 68.
Qb3 Qd2+ 69. Kh3 Qd7+ 70. Kg2 Kg7 71. Qc4 Qe7 72. Bb3 Qd7 73. Ba2 Qd2+ 74. Kh3 Qd7+ 75.
Kg2 Be1 76. Bb3 Bc3 77. Ba2 1/2-1/2

[Event "*** Titled Tuesday 3|2 Blitz (Early)"]
[Site "Chess.com"]
[Date "2016.12.06"]
[Round "2"]
[White "platy3"]
[Black "Er_is_geen_hoop_meer"]
[Result "1-0"]
[WhiteElo "2698"]
[BlackElo "2271"]
[TimeControl "180+2"]
[EndTime "11:15:27 PST"]
[Termination "platy3 won by resignation"]

1. e4 c5 2. Nf3 e6 3. d4 cxd4 4.
Nxd4 Nc6 5. Nc3 Qc7 6. f4 d6 7. Be3 a6 8. Qf3 Bd7 9. O-O-O h5 10. f5 Ne5 11. Qh3 Ng4 12. Be2 Nxe3 13. Qxe3 g6 14. Kb1 b5 15. Qg3 b4 16. fxe6 bxc3 17. exd7+ Qxd7 18. Qxc3 Rc8 19. Qa5 Rc5 20. Qxa6 Nf6 21. Bb5 Rxb5 22.
Nxb5 Be7 23. e5 Ne4 24. Qa8+ Bd8 25. Nxd6+ 1-0

[Event "*** Titled Tuesday 3|2 Blitz (Early)"]
[Site "Chess.com"]
[Date "2016.12.06"]
[Round "2"]
[White "theprosecution1"]
[Black "micfel"]
[Result "1-0"]
[WhiteElo "2512"]
[BlackElo "2272"]
[TimeControl "180+2"]
[EndTime "11:16:21 PST"]
[Termination "theprosecution1 won by resignation"]

1. e4 e5 2. Nf3 Nf6 3. Nxe5 d6 4.
Nf3 Nxe4 5. d4 d5 6. Bd3 Be7 7.
O-O O-O 8. c4 c6 9. Nc3 f5 10.
cxd5 cxd5 11. Qb3 Nxc3 12. bxc3 Nc6 13. Re1 Kh8 14. Bf4 Bd6 15. Bxd6 Qxd6 16. Ne5 Rb8 17. Re2 Be6 18. Rae1 Bg8 19. Qc2 g6 20.
Qd2 Kg7 21. Qg5 Qf6 22. Qg3 Rbe8 23. Nd7 Rxe2 24. Rxe2 f4 25. Qf3 Qd6 26. Nxf8 Kxf8 27. g3 Kg7 28. Qxf4 Qxf4 29. gxf4 Bf7 30. f5 g5 31. f6+ Kxf6 32. Bxh7 Na5 33. Bd3 Bg6 34. Bxg6 Kxg6 35. Re5 1-0

[Event "*** Titled Tuesday 3|2 Blitz (Early)"]
[Site "Chess.com"]
[Date "2016.12.06"]
[Round "2"]
[White "Rumpel-VK"]
[Black "Noukii"]
[Result "0-1"]
[WhiteElo "2455"]
[BlackElo "2667"]
[TimeControl "180+2"]
[EndTime "11:16:39 PST"]
[Termination "Noukii won by resignation"]

1. d4 d5 2. Nf3 Nf6 3. Bf4 c5 4. e3 Nc6 5. c3 Qb6 6. Qb3 c4 7.
Qxb6 axb6 8. Nbd2 b5 9. a3 Bf5 10. Ne5 e6 11. Nxc6 bxc6 12. Rc1 Nd7 13. f3 Nb6 14. e4 Bg6 15. Kd1 Na4 16. Kc2 Be7 17. Re1 O-O 18. h4 h6 19. h5 Bh7 20. g4 Ra6 21.
Bg2 Rfa8 22. Nb1 c5 23. Be3 b4 24. axb4 cxb4 25. Kc1 bxc3 26. bxc3 Rb6 27. Re2 Rab8 0-1

[Event "*** Titled Tuesday 3|2 Blitz (Early)"]
[Site "Chess.com"]
[Date "2016.12.06"]
[Round "2"]
[White "Sethu0025"]
[Black "jncool68"]
[Result "1/2-1/2"]
[WhiteElo "2617"]
[BlackElo "2469"]
[TimeControl "180+2"]
[EndTime "11:16:51 PST"]
[Termination "Game drawn by agreement"]

1. e4 c5 2. Nf3 d6 3. d4 cxd4 4.
Nxd4 Nf6 5. Nc3 e6 6. g4 h6 7.
h4 e5 8. Bb5+ Nbd7 9. Nf5 a6 10.
Bxd7+ Qxd7 11. f3 b5 12. g5 hxg5 13. Bxg5 b4 14. Nd5 Nxd5 15. Qxd5 Bb7 16. Qd2 d5 17.
O-O-O d4 18. h5 f6 19. h6 O-O-O 20. hxg7 Bxg7 21. Bh4 Qxf5 22. exf5 Bh6 23. Bxf6 Bxd2+ 24. Kxd2 Rxh1 25. Rxh1 Bxf3 26. Bxd8 Bxh1 27. Bf6 Be4 28.
Bxe5 Bxf5 29. Bxd4 Kb7 30. c4 bxc3+ 31. Kxc3 Be6 32. b3 Bg8 33. Kb4 Bf7 34. Kc5 Bg8 35. Bc3 Bf7 36. Bd2 Bg8 1/2-1/2